 Dungeon Crawl Stone Soup version 0.29.1-15-g9cfb28693d (webtiles) character file.

Game seed: 11873733279190830150

183292 Sanktem7 the Severer (level 17, -15/162 HPs)
             Began as a Minotaur Fighter on Mar 15, 2023.
             Was the Champion of Okawaru.
             Killed from afar by Aizul (33 damage)
             ... with a poison arrow
             ... on level 2 of the Shoals.
             The game lasted 01:16:29 (34497 turns).

Sanktem7 the Severer (Minotaur Fighter)            Turns: 34497, Time: 01:16:30

Health: -15/162    AC: 35    Str: 27    XL:     17   Next: 74%
Magic:  20/20      EV: 11    Int:  5    God:    Okawaru [******]
Gold:   2552       SH: 17    Dex: 17    Spells: 16/16 levels left

rFire   + . .      SeeInvis .   q - +6 war axe (vorpal) {axe}
rCold   + + +      Faith    .   S - +3 warlock's mirror {reflect}
rNeg    + . .      Spirit   .   c - +0 plate armour
rPois   .          Reflect  +   (helmet unavailable)
rElec   +          Harm     .   k - +2 cloak
rCorr   +          Rampage  .   n - +2 pair of gloves
Will    +....                   G - +4 pair of boots "Nuxzozo" {rF+ rC+ Dex+5 Stlth-}
Stlth   ..........              D - amulet of reflection
HPRegen 0.37/turn               t - +4 ring of protection
MPRegen 0.17/turn               f - ring "Xuxar" {Drain rElec rC+++ rN+ rCorr}

@: lethally poisoned (-15 -> -29), studying Long Blades
A: horns 3, retaliatory headbutt, beak, MP-powered wands
a: Renounce Religion, Heroism, Finesse, Duel


You were on level 2 of the Shoals.
You worshipped Okawaru.
Okawaru was exalted by your worship.
You visited 6 branches of the dungeon, and saw 26 of its levels.
You also visited: Ossuary, Ice Cave and Volcano.

You collected 3246 gold pieces.
You spent 694 gold pieces at shops.


Innate Abilities, Weirdness & Mutations

You have a pair of large horns on your head.
You reflexively headbutt those who attack you in melee.
You have a beak for a mouth.
You expend magic power (3 MP) to strengthen your wands.


   Skills:
 + Level 17.4 Fighting
 - Level 18.0 Axes
 - Level 1.0(11.8) Maces & Flails
 - Level 10.0 Throwing
 + Level 17.4 Armour
 - Level 6.0 Dodging
 + Level 17.4 Shields
 + Level 6.4 Invocations


You had 16 spell levels left.
You didn't know any spells.
Your spell library contained the following spells:

 Spells                   Type           Power      Damage    Failure   Level
 Magic Dart               Conj           0%         1d3       97%         1
 Shock                    Conj/Air       0%         1d3       97%         1
 Sting                    Tmut/Pois      0%         1d3       97%         1
 Blink                    Tloc           0%         N/A       99%         2
 Ensorcelled Hibernation  Hex/Ice        0%         N/A       99%         2
 Passwall                 Tmut/Erth      0%         N/A       99%         2
 Poisonous Vapours        Pois/Air       0%         N/A       99%         2
 Searing Ray              Conj           0%         2d4       99%         2
 Mephitic Cloud           Conj/Pois/Air  0%         N/A       100%        3
 Ozocubu's Armour         Ice            0%         N/A       100%        3
 Portal Projectile        Hex/Tloc       0%         N/A       100%        3
 Swiftness                Air            0%         N/A       100%        3
 Airstrike                Air            0%         2d(0-16)  100%        4
 Fulminant Prism          Conj/Hex       0%         3d6       100%        4
 Hailstorm                Conj/Ice       0%         3d3       100%        4
 Ice Form                 Ice/Tmut       0%         N/A       100%        4
 Leda's Liquefaction      Hex/Erth       0%         N/A       100%        4
 Olgreb's Toxic Radiance  Pois           0%         N/A       100%        4
 Blade Hands              Tmut           0%         N/A       100%        5
 Manifold Assault         Tloc           0%         N/A       100%        5
 Metabolic Englaciation   Hex/Ice        0%         N/A       100%        5
 Ozocubu's Refrigeration  Ice            0%         4d7       100%        7
 Storm Form               Tmut/Air       0%         N/A       100%        7
 Call Imp                 Summ           Unusable   N/A       N/A         2
 Tukima's Dance           Hex            Unusable   N/A       N/A         3

Inventory:

Hand Weapons
 i - the +7 flail "Equemot" {flame, rN+ Int+2, mace}
   (You took it off a vampire on level 14 of the Dungeon)

   It burns those it strikes, dealing additional fire damage.
   Int:       It affects your intelligence (+2).
   rN:        It protects you from negative energy.
 q - a +6 vorpal war axe (weapon) {axe}
   (You took it off an orc on level 4 of the Dungeon)
Missiles
 a - 59 poisoned darts (quivered) {throwing}
 b - 21 stones {throwing}
 x - a throwing net {=f!fthrowing}
 V - 4 silver javelins {throwing}
 X - a javelin {throwing}
Armour
 c - a +0 plate armour (worn)
   (You found it on level 12 of the Dungeon)
 k - a +2 cloak (worn)
   (You took it off Maurice on level 10 of the Dungeon)
 n - a +2 pair of gloves (worn)
   (You found it on level 1 of the Dungeon)
 G - the +4 pair of boots "Nuxzozo" (worn) {rF+ rC+ Dex+5 Stlth-}
   (Okawaru gifted it to you on level 1 of the Lair of Beasts)

   Dex:       It affects your dexterity (+5).
   rF:        It protects you from fire.
   rC:        It protects you from cold.
   Stlth:     It makes you less stealthy.
 S - the +3 warlock's mirror (worn) {reflect}
   (Okawaru gifted it to you on level 2 of the Orcish Mines)

   It can block and reflect piercing ranged attacks and magical attacks against
   the wielder's willpower.
Magical Staves
 l - a staff of fire {!astaff}
   (You found it on level 14 of the Dungeon)
Jewellery
 f - the ring "Xuxar" (right hand) {Drain rElec rC+++ rN+ rCorr}
   (You acquired it in a volcano)

   [ring of resist corrosion]

   rC:        It renders you almost immune to cold.
   rElec:     It insulates you from electricity.
   rN:        It protects you from negative energy.
   rCorr:     It protects you from acid and corrosion.
   Drain:     It drains your maximum health when unequipped.
 t - a +4 ring of protection (left hand)
   (You found it on level 2 of the Dungeon)
 D - an amulet of reflection (around neck)
   (You found it on level 5 of the Lair of Beasts)
Wands
 y - a wand of flame (29)
   (You found it in an ice cave)
 B - a wand of digging (12)
   (You took it off Sigmund on level 3 of the Dungeon)
 H - a wand of iceblast (15)
   (You took it off Harold on level 10 of the Dungeon)
 I - a wand of paralysis (8)
   (You found it on level 11 of the Dungeon)
 L - a wand of polymorph (9)
   (You found it on level 8 of the Dungeon)
Scrolls
 e - 3 scrolls of fog
 g - 4 scrolls of blinking {!r}
 u - a scroll of immolation {!r!r}
 v - 14 scrolls of teleportation {@r4}
 z - 7 scrolls of fear
 K - 3 scrolls of magic mapping {!r}
 M - 5 scrolls of poison {!r}
 Q - 6 scrolls of identify {@r1}
 W - a scroll of summoning
 Y - a scroll of vulnerability {!r!r}
Potions
 d - 11 potions of might
 h - 4 potions of lignification {!q}
 j - 2 potions of curing {@q1}
 m - a potion of cancellation
 o - 5 potions of flight
 p - a potion of resistance
 r - 3 potions of brilliance
 A - 2 potions of berserk rage {!q}
 E - 9 potions of haste {@q3}
 O - a potion of ambrosia
 R - 4 potions of mutation {!q}
 Z - a potion of invisibility
Miscellaneous
 J - a phantom mirror
   (You found it on level 10 of the Dungeon)

Dungeon Overview and Level Annotations

Branches:
Dungeon (15/15) Zot: 24464  Temple (1/1) D:7 Zot: 5921    Lair (5/5) D:9 Zot: 24540
 Shoals (2/4) Lair:2 Zot: 11559  Spider (0/4) Lair:2        Slime (0/5) Lair:5
    Orc (2/2) D:10 Zot: 8414     Elf (0/3) Orc:2        Vaults (0/5) D:13
 Depths (1/4) D:15 Zot: 5158 Ossuary (visited)           IceCv (visited)
Volcano (visited)

Altars:
Ashenzari
Cheibriados
Dithmenos
Elyvilon
Fedhas
Gozag
Hepliaklqana
Kikubaaqudgha
Makhleb
Nemelex Xobeh
Okawaru
Qazlal
Ru
Sif Muna
Trog
Uskayaw
Vehumet
Wu Jian
Xom
Yredelemnul
Zin
The Shining One

Shops:
D:9 (   D:10 ?   D:12 (   D:13 ?   Orc:2 *[(=

Annotations:
D:9 2 transporters
D:12 Fuosch's ghost, journeyman HOFi
D:13 3 runed translucent doors, nonceun's ghost, journeyman MiBe
Lair:3 3 runed translucent doors, LustLizard's ghost, journeyman TrFi
Shoals:2 2 transporters, Aizul

≈~~.. #<.~≈≈~~PP~P~~
≈≈~~~.###.~~≈≈~~P~~~##~
≈≈≈~~~..†.~≈≈≈~~~~P~#©~
≈≈≈~~~~.[)~≈≈≈~~~~~~~~©
≈≈≈~~~~~~~†~~)~)~~~~# ©
≈≈≈≈~~~~~P~~~~(~~~~.##.#
≈≈≈≈≈≈≈~~~~~~P~~c.......
≈≈≈≈≈≈≈≈~~~~~~.S).......
≈≈≈≈≈~P~P~~~P...@)....).
≈≈≈~~..P!~PP.........P..
≈≈~..###P~~~......)....
~.. #.~~P~.......P..
#.~P~..~~.......
P.~P...~~~...###
~~~~.#.~~~~..#
~~~~..~~~~~.#


You could see Aizul and a faun.


Message History

The faun shoots a sling bullet.
The sling bullet hits you.
* * * LOW HITPOINT WARNING * * *
The merfolk siren chants its luring song.
You block Aizul's attack. 😱 HP[+3]
You regained 3 hp, and now have 33/162 hp.
You feel your willpower return.
The faun no longer looks unusually strong.
The faun unwields a +0 sling.
The faun wields a +0 quarterstaff.
The faun hits you but does no damage.
The faun unwields a +0 sling.
The faun wields a +0 spear.
The faun splashes around in the water.
You block Aizul's attack. You block the faun's attack. 😱 HP[+1]
The merfolk siren chants its luring song.
The faun splashes around in the water.
You block the faun's attack. Aizul barely misses you. You furiously retaliate!
You headbutt Aizul! You block the merfolk siren's attack.
You block the faun's attack. 😱 HP[+1]
You barely miss the faun. Your peck misses the faun. You miss Aizul.
Aizul hits you but does no damage.
The merfolk siren chants its luring song.
You miss Aizul. Your headbutt misses Aizul. You peck Aizul, but do no damage.
You slash the faun!
A nearby plant withers and dies. x2
The faun no longer looks unusually strong.
Aizul hits you but does no damage.
The faun unwields a +0 spear.
The faun wields a +0 sling.
The faun shoots a sling bullet.
The sling bullet barely misses you. You block the faun's attack.
You block Aizul's attack.
You slash the faun! You peck the faun. You slash Aizul!
The merfolk siren chants its luring song.
You block the faun's attack.
Aizul coils herself and waves her upper body at you.
The bolt of poison hits you!
You are poisoned.
* * * LOW HITPOINT WARNING * * *
The faun shoots a sling bullet.
You reflect the sling bullet off your +3 warlock's mirror {reflect}!
The sling bullet barely misses the faun. 😱 HP[-10]
You take 10 damage, and now have 25/162 hp.
You slice the faun!!
You kill the faun!
Okawaru accepts your kill.
You closely miss Aizul.
You feel very sick. Aizul casts a spell at you. The bolt of poison hits you!
You are lethally poisoned!
* * * LOW HITPOINT WARNING * * *
The merfolk siren chants its luring song. 😱 HP[-18]
You take 18 damage, and now have 7/162 hp.
You feel better.
The faun shoots a sling bullet.
The sling bullet barely misses you. You block Aizul's attack.
The merfolk siren chants its luring song. 😱 HP[+7]
You regained 7 hp, and now have 14/162 hp.
You feel much better. You block Aizul's attack.
The faun shoots a sling bullet.
You reflect the sling bullet off your +3 warlock's mirror {reflect}!
The sling bullet hits the faun!!
The merfolk siren chants its luring song.
Aizul closely misses you. 😱 HP[+22]
You regained 22 hp, and now have 36/162 hp.
Aizul attacks as you move away! You block Aizul's attack.
The merfolk siren chants its luring song.
You see here 2 gold pieces. 😱 HP[+1]
You slash the merfolk siren! Your peck misses the merfolk siren.
You hit Aizul but do no damage. You block Aizul's attack.
The faun shoots a sling bullet.
You reflect the sling bullet off your +3 warlock's mirror {reflect}!
The sling bullet hits the faun!
The merfolk siren chants its luring song.
You slice the merfolk siren!!
You break out of your daze!
You kill the merfolk siren!
Okawaru accepts your kill.
You hit Aizul. You block Aizul's attack.
The faun shoots a sling bullet.
You reflect the sling bullet off your +3 warlock's mirror {reflect}!
The sling bullet hits the faun.
You barely miss Aizul. Your headbutt misses Aizul. You block Aizul's attack.
The faun shoots a sling bullet.
The sling bullet barely misses you. 😱 HP[+1]
You hit Aizul. Your headbutt misses Aizul. Aizul casts a spell at you.
The poison arrow hits you!!
You are poisoned.
* * * LOW HITPOINT WARNING * * *
Aizul casts a spell at you.
Your +3 warlock's mirror {reflect} reflects the Sleep!
Aizul resists with almost no effort. 😱 HP[-26]
You take 26 damage, and now have 12/162 hp.
You feel better.
The faun shoots a sling bullet.
The sling bullet closely misses you.
Aizul coils herself and waves her upper body at you.
The poison arrow hits you!!
You are poisoned.
You die...

Skill      XL: |  1  2  3  4  5  6  7  8  9 10 11 12 13 14 15 16 17 |
---------------+----------------------------------------------------+-----
Fighting       | 4 5 6 7 9 10 12 13 14 15 16 17 | 17.4
Shields        | 4 5 6 7 9 10 12 13 14 15 16 17 | 17.4
Armour         | 4 5 6 7 9 10 12 13 14 15 16 17 | 17.4
Axes           | 3 4 5 6 7 9 10 11 13 15 16 17 18 | 18.0
Invocations    | 3 5 6 |  6.4
Throwing       | 2 5 7 9 10 | 10.0
Dodging        | 6 |  6.0
Maces & Flails | 1 |  1.0

Action                   |  1- 3 |  4- 6 |  7- 9 | 10-12 | 13-15 | 16-18 || total
-------------------------+-------+-------+-------+-------+-------+-------++-------
Melee: War axe           |    78 |    99 |   332 |   473 |  1014 |   660 ||  2656
       Headbutt          |     7 |    12 |    55 |   115 |   245 |   209 ||   643
       Demon whip        |       |       |       |       |    18 |    20 ||    38
       Peck              |       |       |       |       |       |   112 ||   112
       Flail             |       |       |       |       |       |     9 ||     9
Throw: Stone             |       |       |       |     4 |     9 |       ||    13
       Dart              |       |       |       |       |       |    13 ||    13
Invok: Heroism           |       |       |       |       |     3 |     1 ||     4
Evoke: Wand              |       |       |       |       |       |     1 ||     1
  Use: Scroll            |       |       |    14 |    12 |     7 |     6 ||    39
       Potion            |       |       |     3 |     5 |     2 |    10 ||    20
 Stab: Paralysed         |       |       |       |     5 |       |       ||     5
       Confused          |       |       |       |     3 |       |       ||     3
       Petrified         |       |       |       |       |       |     3 ||     3
       Petrifying        |       |       |       |       |       |     1 ||     1
Armor: Scale mail        |    20 |       |       |       |       |       ||    20
       Chain mail        |    38 |   105 |   209 |   291 |    46 |       ||   689
       Plate armour      |       |       |       |       |   523 |   404 ||   927
Dodge: Dodged            |    27 |    36 |   130 |   175 |   240 |   254 ||   862
Block: Buckler           |    16 |    22 |    94 |   133 |     8 |   626 ||   899
       Kite shield       |       |       |       |       |   759 |    25 ||   784
       Reflection        |       |       |       |       |     8 |    77 ||    85

Levels and vault maps discovered:
D:1:      dpeg_arrival_windows_large_door, layout_loops_ring,
          minmay_statues_item, hex_medium, minmay_misc_feat_iff
D:2:      layout_loops_ring, minmay_pentomino_pile
D:3:      layout_rooms, eat_drink_and_be_merry_uskayaw, lemuel_tele_altar,
          uniq_sigmund
D:4:      layout_basic, nrook_uturn, ebering_dispersal_statue_hall, uniq_natasha
D:5:      layout_layer_cave, nicolae_ossuary_entry_ruins, uniq_prince_ribbit1
D:6:      layout_cave_pools, old_standard_altar, xom_redecorated
D:7:      layout_cave_pools, minmay_temple_entry_enclosed_plants
D:8:      layout_basic
D:9:      gammafunk_sealed_arena, layout_loops_ring,
          mainiacjoe_overflow_surrounded_room, erik_lair_dragon, serial_shops,
          nicolae_shop_bloodbath_and_beyond
D:10:     layout_stronghold, minitemple, minmay_orc_entry_temple_large,
          serial_shops, nicolae_shop_stone, minmay_between, uniq_harold,
          uniq_maurice
D:11:     layout_grid_maze, portal_ice_cave_entry_pillars_2, amethyst_killhole,
          uniq_erica
D:12:     layout_cave_pools, serial_shops, nicolae_square_shop,
          ebering_ghost_funeral_grove, hangedman_stone_soup
D:13:     layout_cave_pools, david_vaults_5, serial_shops, nicolae_square_shop,
          ploomutoo_gammafunk_ghost_potion_laboratory, minmay_shattered_shrine,
          uniq_josephine, uniq_lodul
D:14:     kennysheep_green_arena, layout_small_grid
D:15:     gammafunk_depths_entry_grave, layout_basic,
          ebering_ghost_disaster_area, wad_floor_pattern_2
Temple:   zaba_magenta_temple
Lair:1:   layout_small_grid, uniq_gastronok
Lair:2:   layout_gridlike, elwin_shoals_entry_rocks, spider_nest_entry_rubble,
          basic_altar, cheibrodos_lair_caveside_slide, serial_bayou_shore_b
Lair:3:   layout_misc_corridors, gammafunk_ghost_split, uniq_amaemon
Lair:4:   dreamdust_cave_troll, layout_gridlike, ebering_ghost_inner_flame,
          chequers_serial_rivers_micro_e, grunt_forest_large_clearings
Lair:5:   evilmike_catoblepas_cave, layout_small_grid, slime_entry_1,
          nicolae_volcano_entry_s_turn, infiniplex_staircase_pool
Shoals:1: layout_shoals, centaur_isle
Shoals:2: layout_shoals, serial_nicolae_subway, nicolae_sub_station_metal,
          nicolae_sub_station_stone, nicolae_sub_station_crystal, uniq_aizul
Orc:1:    layout_diamond_mine
Orc:2:    pubby_orc_utopia
Depths:1: layout_honeycomb, enter_ziggurat_d, amcnicky_mini_pool_small,
          hellmouth_1, minmay_crystal_room, drop_trap, okawaru_trees_1

Notes
Turn   | Place    | Note
-------+----------+-------------------------------------------
     0 | D:1      | Sanktem7 the Minotaur Fighter began the quest for the Orb.
     0 | D:1      | Reached XP level 1. HP: 19/19 MP: 0/0
     0 | D:1      | magus.rc [v1.9.6]
   415 | D:1      | Reached XP level 2. HP: 25/27 MP: 1/1
  1034 | D:2      | Reached skill level 4 in Fighting
  1061 | D:2      | Reached skill level 4 in Shields
  1063 | D:2      | Reached skill level 4 in Armour
  1066 | D:2      | Reached skill level 3 in Axes
  1066 | D:2      | Reached XP level 3. HP: 24/33 MP: 2/2
  1166 | D:2      | You pick up a book of Burglary and begin reading...
  1166 | D:2      | You add the spells Passwall, Ensorcelled Hibernation and
                  | Swiftness to your library.
  1175 | D:2      | You add the spells Blink, Manifold Assault and Storm Form
                  | to your library.
  1452 | D:2      | Reached XP level 4. HP: 35/41 MP: 3/3
  1848 | D:3      | HP: 10/41 [orc wizard/puff of flame (8)]
  1856 | D:3      | HP: 7/41 [something/puff of flame (2)]
  1861 | D:3      | Reached XP level 5. HP: 7/47 MP: 4/4
  2194 | D:3      | Noticed a phantom
  2202 | D:3      | Killed a phantom
  2203 | D:3      | Reached skill level 5 in Fighting
  2203 | D:3      | Reached skill level 4 in Axes
  2389 | D:3      | Noticed Sigmund
  2412 | D:3      | Killed Sigmund
  2413 | D:3      | Reached skill level 5 in Armour
  2413 | D:3      | Reached skill level 5 in Shields
  2413 | D:3      | Reached XP level 6. HP: 40/56 MP: 5/5
  2506 | D:3      | Found an ornate altar of the Wu Jian Council.
  2677 | D:3      | Found a hide-covered altar of Uskayaw.
  2999 | D:4      | Noticed Natasha
  3008 | D:4      | Killed Natasha
  3051 | D:4      | Reached skill level 5 in Axes
  3051 | D:4      | Reached XP level 7. HP: 56/62 MP: 6/6
  3214 | D:4      | Noticed Natasha
  3221 | D:4      | Killed Natasha
  3223 | D:4      | Reached skill level 6 in Fighting
  3226 | D:4      | Reached skill level 6 in Armour
  3226 | D:4      | Reached skill level 6 in Shields
  3432 | D:4      | Noticed Natasha
  3436 | D:4      | Killed Natasha
  3500 | D:5      | Entered Level 5 of the Dungeon
  3778 | D:5      | Noticed Prince Ribbit
  3787 | D:5      | Killed Prince Ribbit
  3803 | D:5      | Found a sand-covered staircase.
  3812 | Ossuary  | Entered an ossuary
  4012 | Ossuary  | Reached skill level 6 in Axes
  4012 | Ossuary  | Reached XP level 8. HP: 70/71 MP: 7/7
  4122 | Ossuary  | Reached skill level 7 in Fighting
  4122 | Ossuary  | Reached skill level 7 in Armour
  4122 | Ossuary  | Reached skill level 7 in Shields
  4936 | D:5      | Reached skill level 7 in Axes
  5024 | D:5      | You pick up a book of Air and begin reading...
  5024 | D:5      | You add the spells Shock and Airstrike to your library.
  5406 | D:6      | Found a shimmering altar of Xom.
  5406 | D:6      | Found a shimmering altar of Xom.
  5406 | D:6      | Found a shimmering altar of Xom.
  5407 | D:6      | Found a shimmering altar of Xom.
  5408 | D:6      | Found a shimmering altar of Xom.
  5691 | D:6      | Reached XP level 9. HP: 72/81 MP: 6/8
  5737 | D:6      | Found a sacrificial altar of Ru.
  5844 | D:6      | Reached skill level 8 in Fighting
  5879 | D:7      | Reached skill level 8 in Armour
  5879 | D:7      | Reached skill level 8 in Shields
  6239 | D:7      | You pick up a book of Conjurations {@e2} and begin
                  | reading...
  6239 | D:7      | You add the spells Magic Dart, Searing Ray and Fulminant
                  | Prism to your library.
  6260 | D:7      | Reached skill level 8 in Axes
  6271 | D:7      | Found a staircase to the Ecumenical Temple.
  6277 | Temple   | Entered the Ecumenical Temple
  7420 | D:9      | Found a white marble altar of Elyvilon.
  7579 | D:9      | Found a transporter.
  7579 | D:9      | Noticed a centaur warrior
  7581 | D:9      | Noticed a freezing wraith
  7581 | D:9      | Noticed a manticore
  7594 | D:9      | Found a transporter.
  7612 | D:9      | Noticed a wind drake
  7612 | D:9      | a shapeshifter changed into a wind drake
  7616 | D:9      | a wind drake changed into a raiju
  7621 | D:9      | Noticed a yaktaur
  7621 | D:9      | a raiju changed into a yaktaur
  7679 | D:9      | Reached skill level 9 in Fighting
  7679 | D:9      | Reached skill level 9 in Armour
  7679 | D:9      | Reached skill level 9 in Shields
  7855 | D:9      | Found Eriets's Weapon Shop.
  7915 | D:9      | HP: 19/83 [poisoned by a killer bee]
  7917 | D:9      | HP: 9/83 [basilisk (5)]
  7923 | D:9      | HP: 1/83 [basilisk (8)]
  7933 | D:9      | Noticed a komodo dragon
  8203 | D:9      | HP: 18/83 [komodo dragon (18)]
  8205 | D:9      | HP: 4/83 [komodo dragon (14)]
  8206 | D:9      | Killed a komodo dragon
  8207 | D:9      | Reached skill level 9 in Axes
  8207 | D:9      | Reached XP level 10. HP: 5/91 MP: 1/9
  8561 | D:9      | HP: 17/91 [wyvern (8)]
  8563 | D:9      | HP: 2/91 [wyvern (8)]
  8574 | D:9      | HP: 1/91 [wyvern (5)]
  8626 | D:9      | Noticed an elephant
  8887 | D:9      | Noticed a steelbarb worm
  8976 | D:9      | Found a staircase to the Lair.
  9287 | D:9      | Noticed an azure jelly
  9301 | D:9      | Noticed a frost giant
  9301 | D:9      | an azure jelly changed into a frost giant
  9302 | D:10     | Entered Level 10 of the Dungeon
  9320 | D:10     | Reached skill level 10 in Fighting
  9320 | D:10     | Reached skill level 10 in Armour
  9582 | D:10     | Reached skill level 10 in Shields
  9946 | D:10     | Noticed a two-headed ogre
  9951 | D:10     | Killed a two-headed ogre
  9951 | D:10     | Paralysed by a hornet for 2 turns
  9952 | D:10     | Reached skill level 10 in Axes
  9956 | D:10     | Paralysed by a hornet for 1 turns
 10360 | D:10     | Noticed Maurice
 10367 | D:10     | Killed Maurice
 10389 | D:10     | Found a staircase to the Orcish Mines.
 10426 | D:10     | Noticed Harold
 10438 | D:10     | Killed Harold
 10439 | D:10     | Reached XP level 11. HP: 63/101 MP: 6/10
 10800 | D:10     | You add the spells Sting, Poisonous Vapours and Olgreb's
                  | Toxic Radiance to your library.
 11024 | D:10     | Found Juluvec's Magic Scroll Emporium.
 11037 | D:10     | Reached skill level 11 in Fighting
 11037 | D:10     | Reached skill level 11 in Armour
 11037 | D:10     | Reached skill level 11 in Shields
 11058 | D:10     | Bought a scroll of enchant weapon for 127 gold pieces
 11341 | D:10     | Found a blossoming altar of Fedhas.
 11347 | D:10     | Found an iron altar of Okawaru.
 11352 | D:10     | Became a worshipper of Warmaster Okawaru
 11356 | D:10     | Found a basalt altar of Yredelemnul.
 11829 | D:10     | Gained mutation: You occasionally lose the ability to read
                  | scrolls when taking damage. [potion of mutation]
 11829 | D:10     | Gained mutation: You are robust. (+10% HP) [potion of
                  | mutation]
 11893 | D:11     | Noticed a two-headed ogre
 11893 | D:11     | Noticed a two-headed ogre
 11898 | D:11     | Killed a two-headed ogre
 11898 | D:11     | Reached * piety under Okawaru
 11899 | D:11     | Reached skill level 11 in Axes
 11899 | D:11     | Reached skill level 1 in Invocations
 11901 | D:11     | Killed a two-headed ogre
 11983 | D:11     | Found a frozen archway.
 11991 | D:11     | Noticed Erica
 11998 | D:11     | Reached skill level 2 in Invocations
 12000 | D:11     | Killed Erica
 12000 | D:11     | Reached ** piety under Okawaru
 12005 | D:11     | HP: 25/113 [poisoned by a cane toad]
 12010 | D:11     | HP: 16/113 [poisoned by a cane toad]
 12041 | D:11     | HP: 19/113 [vampire (2)]
 12098 | IceCv    | Entered an ice cave
 12387 | IceCv    | Noticed a death yak
 12388 | IceCv    | Noticed a death yak
 12399 | IceCv    | Killed a death yak
 12404 | IceCv    | Reached skill level 3 in Invocations
 12405 | IceCv    | Killed a death yak
 12405 | IceCv    | Reached *** piety under Okawaru
 12644 | IceCv    | Reached skill level 12 in Armour
 12648 | IceCv    | Reached skill level 12 in Fighting
 12656 | IceCv    | Reached skill level 12 in Shields
 12683 | IceCv    | Reached **** piety under Okawaru
 12684 | IceCv    | Reached XP level 12. HP: 61/123 MP: 9/13
 13018 | IceCv    | Noticed a death yak
 13039 | IceCv    | Killed a death yak
 13040 | IceCv    | Reached skill level 4 in Invocations
 13041 | IceCv    | Reached skill level 12 in Axes
 13241 | IceCv    | Reached ***** piety under Okawaru
 13691 | IceCv    | Noticed a frost giant
 13691 | IceCv    | Noticed a death yak
 13691 | IceCv    | Noticed a death yak
 13704 | IceCv    | Killed a death yak
 13712 | IceCv    | Killed a death yak
 13725 | IceCv    | Identified the +5 ring mail of the Floral God {rCorr}
                  | (Okawaru gifted it to you in an ice cave)
 13725 | IceCv    | Received a gift from Okawaru
 13732 | IceCv    | HP: 24/124 [frost giant/bolt of cold (16)]
 13733 | IceCv    | Killed a frost giant
 13734 | IceCv    | Reached skill level 5 in Invocations
 13737 | IceCv    | HP: 22/124 [polar bear (1)]
 13747 | IceCv    | HP: 14/124 [yak (9)]
 13764 | IceCv    | HP: 18/124 [wolf (1)]
 14164 | IceCv    | Identified the +4 great mace of Blood {vorpal, rElec rF+++
                  | Will- Dex-5}
 14171 | IceCv    | You add the spells Hailstorm, Leda's Liquefaction, Ice Form
                  | and Metabolic Englaciation to your library.
 14171 | IceCv    | Got the Cyclopedia of Grit and Frostbite
 14205 | D:11     | You pick up a book of Minor Magic and begin reading...
 14508 | D:11     | Reached skill level 1 in Throwing
 14571 | D:11     | Reached skill level 13 in Armour
 14762 | D:11     | Noticed a two-headed ogre
 14769 | D:11     | Killed a two-headed ogre
 15107 | D:11     | Reached skill level 13 in Fighting
 15108 | D:11     | Reached skill level 13 in Shields
 15420 | D:11     | Reached skill level 13 in Axes
 15424 | D:11     | Reached skill level 2 in Throwing
 15832 | D:12     | Found Firyr's Antique Weapon Boutique.
 15858 | D:12     | Bought a glowing mace for 120 gold pieces
 15875 | D:12     | Noticed a two-headed ogre
 15884 | D:12     | Killed a two-headed ogre
 15965 | D:12     | Reached XP level 13. HP: 99/134 MP: 11/15
 16290 | D:12     | Reached skill level 3 in Throwing
 16644 | D:12     | Found a runed translucent door.
 16646 | D:12     | Noticed Fuosch's ghost (journeyman HOFi)
 16647 | D:12     | Identified the +6 trident "Yllec" {vamp, rPois rF+ rCorr}
 16925 | D:12     | HP: 27/134 [Fuosch's ghost (15)]
 16930 | D:12     | HP: 23/134 [spriggan rider/the +6 trident "Yllec" {vamp,
                  | rPois rF+ rCorr} (3)]
 17565 | Lair:1   | Entered Level 1 of the Lair of Beasts
 17735 | Lair:1   | Noticed Gastronok
 17745 | Lair:1   | Killed Gastronok
 17745 | Lair:1   | Identified the +4 pair of boots "Nuxzozo" {rF+ rC+ Dex+5
                  | Stlth-} (Okawaru gifted it to you on level 1 of the Lair of
                  | Beasts)
 17745 | Lair:1   | Received a gift from Okawaru
 18395 | Lair:2   | Found a staircase to the Shoals.
 18409 | Lair:2   | Reached skill level 14 in Axes
 18594 | Lair:2   | Found a hole to the Spider Nest.
 18674 | Lair:2   | Reached skill level 4 in Throwing
 18996 | Lair:2   | Found a basalt altar of Yredelemnul.
 19363 | Lair:3   | You pick up a book of Burglary and begin reading...
 19701 | Lair:3   | Noticed LustLizard's ghost (journeyman TrFi)
 19705 | Lair:3   | Found a runed translucent gate.
 19713 | Lair:3   | Found a runed translucent gate.
 19714 | Lair:3   | Found a runed translucent gate.
 19747 | Lair:3   | Noticed Amaemon
 19761 | Lair:3   | Killed Amaemon
 20070 | Lair:4   | Reached skill level 14 in Armour
 20084 | Lair:4   | Reached skill level 14 in Fighting
 20172 | Lair:4   | Reached skill level 5 in Throwing
 20172 | Lair:4   | Reached skill level 14 in Shields
 20247 | Lair:4   | Reached skill level 15 in Axes
 20436 | Lair:4   | Received a gift from Okawaru
 20449 | Lair:4   | Identified the +0 ring mail of Rahon {Will- rCorr Int+8}
                  | (Okawaru gifted it to you on level 4 of the Lair of Beasts)
 20449 | Lair:4   | Received a gift from Okawaru
 20450 | Lair:4   | Reached XP level 14. HP: 124/145 MP: 13/16
 21089 | Lair:4   | Found a runed translucent door.
 21089 | Lair:4   | Noticed pokedragonboy's ghost (journeyman DECj)
 21226 | Lair:4   | Killed pokedragonboy's ghost
 21299 | Lair:4   | You add the spells Ozocubu's Armour and Ozocubu's
                  | Refrigeration to your library.
 21323 | Lair:5   | Entered Level 5 of the Lair of Beasts
 21331 | Lair:5   | Reached ****** piety under Okawaru
 21332 | Lair:5   | Reached skill level 6 in Throwing
 21335 | Lair:5   | Found a staircase to the Slime Pits.
 21357 | Lair:5   | Received a gift from Okawaru
 21390 | Lair:5   | Reached skill level 16 in Axes
 21520 | Lair:5   | HP: 5/146 [komodo dragon (51)]
 21554 | Lair:5   | HP: 36/146 [water moccasin (6)]
 21568 | Lair:5   | HP: 33/146 [yak (7)]
 21824 | Lair:5   | Found a dark tunnel.
 21830 | Volcano  | Entered a volcano
 22200 | Volcano  | Reached skill level 15 in Fighting
 22435 | Volcano  | Identified a scroll of acquirement
 22437 | Volcano  | Acquired the ring "Xuxar" {Drain rElec rC+++ rN+ rCorr}
 22522 | Lair:5   | Reached skill level 15 in Armour
 22538 | Lair:5   | Reached skill level 7 in Throwing
 22563 | Lair:5   | Reached skill level 15 in Shields
 22601 | Lair:5   | Reached XP level 15. HP: 76/155 MP: 12/17
 22904 | Lair:5   | Received a gift from Okawaru
 22945 | Lair:5   | Reached skill level 17 in Axes
 23796 | Orc:1    | Entered Level 1 of the Orcish Mines
 24235 | Orc:1    | Received a gift from Okawaru
 24240 | Orc:1    | Noticed an orc warlord
 24257 | Orc:1    | Killed an orc warlord
 24630 | Orc:2    | Entered Level 2 of the Orcish Mines
 24632 | Orc:2    | Received a gift from Okawaru
 25266 | Orc:2    | Received a gift from Okawaru
 25358 | Orc:2    | Found Odakhlish's Antique Weapon Shoppe.
 25377 | Orc:2    | Found Vocza's Jewellery Emporium.
 25857 | Orc:2    | Found Pophaarpho's Armour Shop.
 26036 | Orc:2    | Identified a potion of experience
 26037 | Orc:2    | Reached skill level 6 in Dodging
 26037 | Orc:2    | Reached XP level 16. HP: 162/162 MP: 18/18
 26220 | Orc:2    | Received a gift from Okawaru
 26220 | Orc:2    | Found the +3 warlock's mirror {reflect}
 26333 | Orc:2    | Found Uvanea's General Store.
 26678 | Orc:2    | Found a staircase to the Elven Halls.
 26757 | Orc:2    | Reached skill level 8 in Throwing
 27053 | Orc:2    | Bought a +1 helmet of see invisible for 214 gold pieces
 27562 | D:13     | Noticed Lodul
 27571 | D:13     | Noticed Josephine
 27582 | D:13     | Killed Lodul
 27583 | D:13     | Reached skill level 18 in Axes
 27590 | D:13     | Killed Josephine
 27897 | D:13     | Found Erghalicw's Magic Scroll Shoppe.
 27905 | D:13     | Bought a scroll of enchant weapon for 97 gold pieces
 27905 | D:13     | Bought a scroll of blinking for 97 gold pieces
 27905 | D:13     | Bought a scroll of teleportation for 39 gold pieces
 27993 | D:13     | Identified the +3 chain mail "Omoge" {rN++}
 28286 | D:13     | Found a runed translucent gate.
 28373 | D:13     | Reached skill level 16 in Fighting
 28373 | D:13     | Reached skill level 16 in Armour
 28620 | D:13     | Reached skill level 16 in Shields
 28718 | D:13     | Found a gate to the Vaults.
 28738 | D:13     | Found a runed translucent gate.
 28739 | D:13     | Found a runed translucent gate.
 28839 | D:13     | Found a runed translucent gate.
 28839 | D:13     | Found a runed translucent gate.
 28845 | D:13     | Found a runed translucent gate.
 28850 | D:13     | Noticed nonceun's ghost (journeyman MiBe)
 29045 | D:13     | Lost mutation: You occasionally lose the ability to read
                  | scrolls when taking damage. [potion of mutation]
 29045 | D:13     | Lost mutation: You are robust. (+10% HP) [potion of
                  | mutation]
 29045 | D:13     | Lost intelligence.
 29045 | D:13     | Gained mutation: You have a pair of large horns on your
                  | head. [potion of mutation]
 29075 | D:13     | Lost mutation: You have a pair of large horns on your head.
                  | [potion of mutation]
 29075 | D:13     | Gained mutation: You have a pair of large horns on your
                  | head. [potion of mutation]
 29075 | D:13     | Gained mutation: You have a beak for a mouth. [potion of
                  | mutation]
 29075 | D:13     | Gained mutation: You expend magic power (3 MP) to
                  | strengthen your wands. [potion of mutation]
 29101 | D:14     | Reached skill level 9 in Throwing
 29478 | D:14     | You pick up a book of Weapons and begin reading...
 29478 | D:14     | You add the spells Portal Projectile and Blade Hands to
                  | your library.
 29643 | D:14     | Received a gift from Okawaru
 29648 | D:14     | Reached XP level 17. HP: 85/159 MP: 19/19
 29683 | D:14     | Identified the +7 flail "Equemot" {flame, rN+ Int+2}
 29980 | D:14     | Identified the +1 spear "Myupou" {pain, MP+9 Int+3}
 30010 | D:14     | HP: 34/159 [tengu warrior/+0 great sword (10)]
 30564 | D:15     | Entered Level 15 of the Dungeon
 30616 | D:15     | Identified the +1 scale mail "Meog" {Str+2 Dex+7} (Okawaru
                  | gifted it to you on level 15 of the Dungeon)
 30616 | D:15     | Received a gift from Okawaru
 31172 | D:15     | Found the +5 lochaber axe {reach-cleave, poleaxe}
 31255 | D:15     | Found a staircase to the Depths.
 31581 | D:15     | You pick up a book of Conjurations {@e2} and begin
                  | reading...
 31717 | D:15     | Found a large runed translucent door.
 31717 | D:15     | Found a large runed translucent door.
 31788 | D:15     | Noticed Hyloprol's ghost (journeyman CeMo)
 32120 | D:15     | Killed Hyloprol's ghost
 32293 | Depths:1 | Entered Level 1 of the Depths
 32666 | Depths:1 | Found an iron altar of Okawaru.
 32683 | Depths:1 | Reached skill level 1 in Maces & Flails
 33047 | Depths:1 | Reached skill level 10 in Throwing
 33049 | Depths:1 | Reached skill level 17 in Armour
 33051 | Depths:1 | Reached skill level 17 in Fighting
 33052 | Depths:1 | Reached skill level 17 in Shields
 33426 | Depths:1 | HP: 16/161 [fire dragon/blast of flame (27)]
 33443 | Depths:1 | HP: 7/161 [deep troll earth mage/blast of rock fragments
                  | (15)]
 34057 | Shoals:1 | Entered Level 1 of the Shoals
 34145 | Shoals:1 | Reached skill level 6 in Invocations
 34463 | Shoals:2 | Identified the +3 robe "Litynyor" {-Cast +Blink rPois}
                  | (Okawaru gifted it to you on level 2 of the Shoals)
 34463 | Shoals:2 | Received a gift from Okawaru
 34470 | Shoals:2 | Found a transporter.
 34472 | Shoals:2 | Noticed Aizul
 34482 | Shoals:2 | HP: 30/162 [Aizul/bolt of poison (13)]
 34488 | Shoals:2 | HP: 25/162 [Aizul/bolt of poison (10)]
 34489 | Shoals:2 | HP: 7/162 [Aizul/bolt of poison (15)]
 34492 | Shoals:2 | Found a transporter.
 34496 | Shoals:2 | HP: 12/162 [Aizul/poison arrow (26)]
 34497 | Shoals:2 | Killed from afar by Aizul

Vanquished Creatures
  Gastronok (Lair:1)
  A tengu reaver (Depths:1)
  A fire giant (Depths:1)
  2 orc warlords
  A frost giant (IceCv)
  The ghost of Hyloprol the Brawler, a journeyman CeMo of Okawaru (D:15)
  2 stone giants (Depths:1)
  A merfolk impaler (Shoals:1)
  Josephine (D:13)
  A rakshasa (Depths:1)
  3 fire dragons
  A vault guard (D:13)
  Harold (D:10)
  5 catoblepae
  Erica (D:11)
  7 hydras
  A boulder beetle (Lair:5)
  An ogre mage (D:15)
  5 centaur warriors
  The ghost of pokedragonboy the Devastator, a journeyman DECj of Sif Muna (Lair:4)
  10 two-headed ogres
  A satyr (Shoals:2)
  4 tengu warriors
  A vampire mage (D:15)
  14 death yaks
  A deep troll shaman (Depths:1)
  4 orc high priests (Orc:2)
  2 deep troll earth magi (Depths:1)
  7 hell knights
  Amaemon (Lair:3)
  A fire crab (Lair:4)
  Lodul (D:13)
  2 skeletal warriors (D:15)
  3 deep trolls (Depths:1)
  2 sea snakes (Shoals:2)
  A glowing orange brain (D:13)
  2 deep elf zephyrmancers
  4 orc sorcerers
  A deep elf pyromancer (D:14)
  6 harpies (Shoals:1)
  An iron dragon zombie (D:15)
  A stone giant zombie (D:15)
  2 necromancers
  7 orc knights
  12 ugly things
  8 cyclopes
  A salamander (shapeshifter) (D:14)
  3 fauns (Shoals:2)
  9 manticores
  10 elephants
  An elephant (shapeshifter) (D:13)
  4 black mambas
  Maurice (D:10)
  2 merfolk sirens (Shoals:2)
  An orange demon (Lair:3)
  A water nymph (Shoals:2)
  An ice statue (IceCv)
  6 cane toads
  A gargoyle (D:12)
  2 unseen horrors
  2 yaktaurs (Volcano)
  4 rime drakes
  2 efreet
  5 kobold demonologists
  11 komodo dragons
  A freezing wraith (D:14)
  A spriggan skeleton (D:15)
  8 trolls
  A meliai (shapeshifter) (D:14)
  11 polar bears
  A spriggan zombie (D:15)
  2 merfolk
  Prince Ribbit (D:5)
  4 hornets
  26 slime creatures
  19 blink frogs
  13 dream sheep (Lair:5)
  A dream sheep (shapeshifter) (D:13)
  A tarantella (Lair:2)
  5 spriggans
  4 wyverns
  A spriggan (shapeshifter) (IceCv)
  Sigmund (D:3)
  A shadow (D:10)
  A water elemental (Shoals:2)
  2 vampires
  9 wraiths
  66 yaks
  4 basilisks
  A human (shapeshifter) (D:13)
  A steam dragon (Lair:3)
  6 redbacks (Depths:1)
  15 vampire mosquitoes
  7 wargs
  4 acid dragons
  14 water moccasins
  3 black bears
  A black bear (shapeshifter) (D:14)
  A sky beast (D:6)
  43 orc warriors
  An ice beast (D:6)
  25 ogres
  82 wolves
  23 centaurs
  5 kobold brigands
  4 elf zombies (Ossuary)
  A phantom (D:3)
  7 bullfrogs
  A necrophage (D:12)
  4 scorpions
  A gnoll sergeant (D:10)
  15 killer bees
  A howler monkey (D:14)
  A centaur zombie (Ossuary)
  2 gnoll boudas
  38 orc priests
  4 hounds
  2 jellies
  3 iguanas
  27 orc wizards
  Natasha (thrice) (D:4)
  2 mummies (Ossuary)
  11 adders
  8 gnolls
  3 ufetubi
  3 adder zombies (Ossuary)
  2 dart slugs
  106 orcs
  4 bats
  3 endoplasms
  2 giant cockroaches
  6 goblins
  2 hobgoblins
  21 kobolds
  A quokka (D:2)
  6 ball pythons
  4 frilled lizards
  10 hobgoblin zombies (Ossuary)
  A jackal zombie (Ossuary)
  5 kobold zombies (Ossuary)
  11 orc zombies (Ossuary)
  5 rats
  2 rat zombies (Ossuary)
952 creatures vanquished.

Vanquished Creatures (others)
  A yaktaur (shapeshifter) (D:14)
  An acid dragon (D:10)
  5 kobolds
  A kobold zombie (D:10)
  43 fungi
  54 plants
105 creatures vanquished.

Grand Total: 1057 creatures vanquished

Table legend:
 A = Non-vault XP
 B = Vault XP
 C = Vault XP percentage of total XP
 D = Non-vault monster count
 E = Vault monster count
 F = Vault count percentage of total count
                 A         B        C        D         E       F
            +---------+---------+-------+---------+---------+-------
      Total |  120388 |   95423 |  44.2 |     530 |     424 |  44.4
            +---------+---------+-------+---------+---------+-------
        D:1 |      26 |       0 |   0.0 |      17 |       0 |   0.0
        D:2 |      66 |      18 |  21.4 |      10 |       5 |  33.3
        D:3 |     205 |     214 |  51.1 |      13 |       1 |   7.1
        D:4 |     463 |      35 |   7.0 |      19 |       1 |   5.0
        D:5 |     593 |     274 |  31.6 |      16 |       1 |   5.9
        D:6 |     459 |       0 |   0.0 |      10 |       0 |   0.0
        D:7 |     827 |       0 |   0.0 |      17 |       0 |   0.0
        D:8 |     666 |       0 |   0.0 |      15 |       0 |   0.0
        D:9 |     876 |    1525 |  63.5 |      14 |       7 |  33.3
       D:10 |    4110 |    2939 |  41.7 |      28 |      23 |  45.1
       D:11 |    6202 |     857 |  12.1 |      26 |       1 |   3.7
       D:12 |    6581 |    2535 |  27.8 |      24 |       8 |  25.0
       D:13 |    7037 |   17359 |  71.2 |      32 |      39 |  54.9
       D:14 |    3638 |    9249 |  71.8 |      13 |      18 |  58.1
       D:15 |   10699 |    5857 |  35.4 |      18 |       9 |  33.3
     Lair:1 |    1891 |    1445 |  43.3 |      14 |       1 |   6.7
     Lair:2 |    5756 |     255 |   4.2 |      26 |       1 |   3.7
     Lair:3 |    3209 |    1208 |  27.3 |      13 |       2 |  13.3
     Lair:4 |   14569 |    5554 |  27.6 |      47 |      35 |  42.7
     Lair:5 |   17369 |   10243 |  37.1 |      62 |      23 |  27.1
   Shoals:1 |    4973 |    1389 |  21.8 |       8 |       6 |  42.9
   Shoals:2 |    6484 |       0 |   0.0 |      12 |       0 |   0.0
      Orc:1 |    5811 |       0 |   0.0 |      51 |       0 |   0.0
      Orc:2 |       0 |   17492 | 100.0 |       0 |     149 | 100.0
   Depths:1 |   17878 |       0 |   0.0 |      25 |       0 |   0.0
    Ossuary |       0 |     508 | 100.0 |       0 |      39 | 100.0
      IceCv |       0 |   13896 | 100.0 |       0 |      49 | 100.0
    Volcano |       0 |    2571 | 100.0 |       0 |       6 | 100.0
            +---------+---------+-------+---------+---------+-------

Illustrated notes

Table legend:
 A = Kills in this place as a percentage of kills in entire the game.
 B = Kills by you in this place as a percentage of kills by you in the entire game.
 C = Kills by friends in this place as a percentage of kills by friends in the entire game.
 D = Other kills in this place as a percentage of other kills in the entire game.
 E = Experience gained in this place as a percentage of experience gained in the entire game.
 F = Experience gained in this place divided by the number of levels of this place that you have seen.
                   A       B       C       D       E      F
               +-------+-------+-------+-------+-------+----------------------
         Total | 100.0 | 100.0 |   N/A | 100.0 | 100.0 | 7441.8
       Dungeon |  40.4 |  40.2 |   N/A | 100.0 |  38.6 | 5554.0
          Lair |  23.5 |  23.5 |   N/A |   0.0 |  28.5 | 12299.8
        Shoals |   2.7 |   2.7 |   N/A |   0.0 |   6.0 | 6423.0
  Orcish Mines |  21.0 |  21.0 |   N/A |   0.0 |  10.8 | 11651.5
        Depths |   2.6 |   2.6 |   N/A |   0.0 |   8.3 | 17878.0
       Ossuary |   4.1 |   4.1 |   N/A |   0.0 |   0.2 | 508.0
      Ice Cave |   5.1 |   5.1 |   N/A |   0.0 |   6.4 | 13896.0
       Volcano |   0.6 |   0.6 |   N/A |   0.0 |   1.2 | 2571.0
               +-------+-------+-------+-------+-------+----------------------

Table legend: (Time is in decaauts)
 A = Elapsed time spent in this place.
 B = Non-inter-level travel time spent in this place.
 C = Inter-level travel time spent in this place.
 D = Time resting spent in this place.
 E = Time spent auto-exploring this place.
 F = Levels seen in this place.
 G = Mean time per level.
                   A        B        C        D        E       F      G
               +--------+--------+--------+--------+--------+-----+--------+
         Total |  34597 |  32995 |   1602 |   7285 |  19168 |  29 | 1193.0 |
       Dungeon |  21082 |  20060 |   1022 |   4144 |  12673 |  15 | 1405.5 |
        Temple |     78 |     78 |      0 |      0 |     53 |   1 |   78.0 |
          Lair |   5459 |   5175 |    284 |    237 |   3690 |   5 | 1091.8 |
        Shoals |    439 |    439 |      0 |    198 |     70 |   2 |  219.5 |
  Orcish Mines |   3585 |   3290 |    295 |    280 |   2301 |   2 | 1792.5 |
        Depths |    841 |    841 |      0 |    510 |      0 |   1 |  841.0 |
       Ossuary |    417 |    417 |      0 |     23 |    213 |   1 |  417.0 |
      Ice Cave |   2081 |   2081 |      0 |   1588 |      8 |   1 | 2081.0 |
       Volcano |    610 |    610 |      0 |    305 |    159 |   1 |  610.0 |
               +--------+--------+--------+--------+--------+-----+--------+

Top non-repeatable levels by time:
    D:10: 2692 daAuts
   Orc:2: 2624 daAuts
    D:15: 2362 daAuts
     D:9: 2281 daAuts
   IceCv: 2081 daAuts
    D:11: 1851 daAuts
    D:12: 1810 daAuts
    D:14: 1737 daAuts
  Lair:5: 1592 daAuts
    D:13: 1504 daAuts
     D:5: 1479 daAuts
  Lair:4: 1253 daAuts
     D:3: 1061 daAuts
     D:1: 1042 daAuts
   Orc:1: 960 daAuts
